 Dungeon Crawl Stone Soup version 0.19-a0-1047-g4b671ad (webtiles) character file.

2532 Herrn the Conjurer (level 9, -20/78 HPs)
             Began as a Naga Wizard on July 31, 2016.
             Was an Initiate of Okawaru.
             Demolished by rastmirit's ghost (33 damage)
             ... on level 8 of the Dungeon.
             The game lasted 00:33:12 (9550 turns).

Herrn the Conjurer (Naga Wizard)                    Turns: 9550, Time: 00:33:12

Health: -20/78     AC:  7    Str: 11    XL:     9   Next: 55%
Magic:  15/15      EV: 10    Int: 19    God:    Okawaru [......]
Gold:   123        SH:  0    Dex: 15    Spells: 1 memorised, 15 levels left

rFire  . . .     SeeInvis +     w - +7 whip of Bloodstone {drain, *Rage rElec rPois rN+++}
rCold  . . .     Gourm    .     r - +0 ring mail (curse)
rNeg   + + +     Faith    .     (no shield)
rPois  +         Spirit   .     b - +0 hat
rElec  +         Dismiss  .     q - +0 cloak
rCorr  .         Reflect  .     (no gloves)
SustAt .         Harm     .     (no barding)
MR     ++...     Rnd*Rage +     (no amulet)
Stlth  +++.......               A - +2 ring of dexterity
                                (no ring)

@: exhausted, very slightly contaminated, slowed, very slow, very resistant to
hostile enchantments, fairly stealthy
A: see invisible, agile 1, deformed body, magic resistance 1, poison resistance,
slowness 2, slow metabolism 1, spit poison 2, AC +3
a: Spit Poison, Renounce Religion


You were on level 8 of the Dungeon.
You worshipped Okawaru.
Okawaru was noncommittal.
You were near starving.

You visited 2 branches of the dungeon, and saw 9 of its levels.

You collected 264 gold pieces.
You spent 141 gold pieces at shops.

Inventory:

Hand Weapons
 t - a +0 flail
 w - the +7 whip of Bloodstone (weapon) {drain, *Rage rElec rPois rN+++}
   (You found it on level 5 of the Dungeon)

   A truly terrible weapon, it drains the life of those it strikes.
   It insulates you from electricity.
   It protects you from poison.
   It renders you almost immune to negative energy.
   It may make you go berserk in combat.
 B - a +0 hand axe
Missiles
 s - 2 throwing nets (quivered)
Armour
 a - a +0 robe
 b - a +0 hat (worn)
 q - a +0 cloak (worn)
 r - a cursed +0 ring mail (worn)
 H - a +0 plate armour
Jewellery
 A - a +2 ring of dexterity (right hand)
 K - an uncursed amulet of dismissal {unknown}
Wands
 h - a wand of flame (34/48)
 D - a wand of flame (5/48)
Scrolls
 f - 2 scrolls of remove curse
 m - a scroll of recharging
 n - 3 scrolls of teleportation
 x - 2 scrolls of blinking
 y - 4 scrolls of noise {unknown}
 C - 2 scrolls of enchant armour
 E - 3 scrolls of enchant weapon {unknown}
 G - 2 scrolls of identify
Potions
 e - a potion of ambrosia {unknown}
 g - 2 potions of flight {unknown}
 i - a potion of cure mutation {unknown}
 k - 5 potions of curing
 l - a potion of magic {unknown}
 o - 3 potions of degeneration {unknown}
 u - 3 potions of lignification {unknown}
 v - 2 potions of might {unknown}
 F - a potion of agility {unknown}
Books
 c - a book of Minor Magic

   Spells                             Type                      Level
   a - Magic Dart                     Conjuration                  1
   b - Blink                          Translocation                2
   c - Call Imp                       Summoning                    2
   d - Repel Missiles                 Charms/Air                   2
   e - Slow                           Hexes                        2
   f - Conjure Flame                  Conjuration/Fire             3
   g - Mephitic Cloud                 Conjuration/Poison/Air       3
 I - a book of Summonings

   Spells                             Type                      Level
   a - Recall                         Summoning/Translocation      3
   b - Aura of Abjuration             Summoning                    5
   c - Summon Demon                   Summoning                    5
   d - Summon Forest                  Summoning/Translocation      5
   e - Summon Mana Viper              Hexes/Summoning              5
   f - Shadow Creatures               Summoning                    6
Comestibles
 d - 7 bread rations
 j - a beef jerky
 p - 4 meat rations
 z - 2 slices of pizza
 J - 3 fruits


   Skills:
 * Level 4.0 Fighting
 * Level 4.9 Axes
 + Level 2.5 Armour
 + Level 4.8 Dodging
 + Level 6.0 Stealth
 - Level 4.0 Spellcasting
 * Level 7.3 Conjurations
   Level 1.0 Summonings
   Level 1.0 Translocations


You had 15 spell levels left.
You knew the following spells:

 Your Spells              Type           Power        Failure   Level  Hunger
a - Magic Dart            Conj           ####         1%          1    None


Dungeon Overview and Level Annotations

Branches:
Dungeon (8/15)             Temple (1/1) D:7
   Lair: D:8-11

Altars:
Ashenzari
Dithmenos
Elyvilon
Fedhas
Hepliaklqana
Kikubaaqudgha
Nemelex Xobeh
Okawaru
Pakellas
Ru
Sif Muna
Trog
Uskayaw
Vehumet
Xom
Yredelemnul
Zin
The Shining One

Shops:
D:5 *

Annotations:
D:8 rastmirit's ghost, novice TrBe


Innate Abilities, Weirdness & Mutations

You cannot wear boots.
Your serpentine skin is tough. (AC +3)
You have supernaturally acute eyesight. (SInv)
Armour fits poorly on your strangely shaped body.
Your system is resistant to poisons. (rPois)
You cover ground very slowly.
You have a slow metabolism.
You can spit poison.
You are agile. (Dex +2)
You are resistant to hostile enchantments. (MR+)


Message History

You hit rastmirit's ghost but do no damage.
Rastmirit's ghost is heavily damaged.
Rastmirit's ghost hits you!!
* * * LOW HITPOINT WARNING * * *
Rastmirit's ghost hits you!
* * * LOW HITPOINT WARNING * * *
You are too injured to fight recklessly!
You are too injured to fight recklessly!
You are too injured to fight recklessly!
Unknown command.
Blink to where?
Press: ? - help, Dir - move target cursor You are very lightly contaminated with residual magic.
As you read the scroll of blinking, it crumbles to dust.
You feel better. Rastmirit's ghost hits you.
* * * LOW HITPOINT WARNING * * *
You are near starving!
Rastmirit's ghost hits you!!
You die...

#....### #.
..#..####..### #.#
###....# ##...#
#..##......## ##.##
............# #.##
...... ##...# #.#
.....###....# ##.#
#..........#####W.##
#<............@...#
#.....###...#####.#
#....## #..## ##
###..### #..# ....##
#..## ##...# #...##
###.## ###....###
##..###........#
#.......##.......


You could see rastmirit's ghost.

Vanquished Creatures
  A spriggan (D:7)
  A hippogriff (D:7)
  Menkaure (D:7)
  A water moccasin (D:6)
  3 phantoms
  A sky beast (D:5)
  An orc warrior (D:7)
  A necrophage (D:6)
  An ogre (D:4)
  A giant frog (D:6)
  A water moccasin zombie (D:5)
  3 scorpions
  A howler monkey (D:7)
  A crimson imp (D:7)
  A hound (D:6)
  2 jellies
  A centaur skeleton (D:4)
  5 orc priests
  7 orc wizards
  A giant frog skeleton (D:7)
  Natasha (thrice) (D:4)
  9 worker ants
  A hound skeleton (D:4)
  4 gnolls
  6 adders
  A shadow imp (D:6)
  3 oozes (D:1)
  An adder skeleton (D:4)
  4 worms
  3 dart slugs
  6 giant geckos
  29 orcs
  6 bats
  4 giant cockroaches
  13 goblins
  10 hobgoblins
  3 jackals
  12 kobolds
  4 quokkas
  A giant gecko skeleton (D:5)
  A giant gecko zombie (D:6)
  4 giant newts
  A jackal skeleton (D:6)
  A quokka skeleton (D:7)
  A quokka zombie (D:5)
  9 rats
175 creatures vanquished.

Notes
Turn   | Place    | Note
-------+----------+-------------------------------------------
     0 | D:1      | Herrn the Naga Wizard began the quest for the Orb.
     0 | D:1      | Reached XP level 1. HP: 15/15 MP: 4/4
   131 | D:1      | Reached XP level 2. HP: 8/22 MP: 0/6
   965 | D:1      | Reached XP level 3. HP: 28/28 MP: 8/8
  1378 | D:1      | Reached skill level 2 in Conjurations
  1733 | D:2      | Reached XP level 4. HP: 36/36 MP: 9/9
  1959 | D:2      | Found a glowing golden altar of the Shining One.
  2637 | D:3      | Reached XP level 5. HP: 39/43 MP: 2/11
  2917 | D:3      | Reached skill level 3 in Conjurations
  3078 | D:3      | Reached skill level 1 in Fighting
  3256 | D:3      | Found a bloodstained altar of Trog.
  3462 | D:3      | Noticed a phantom
  3647 | D:4      | Reached XP level 6. HP: 51/51 MP: 6/12
  3778 | D:4      | Noticed Natasha
  3786 | D:4      | Killed Natasha
  3786 | D:4      | Reached skill level 4 in Conjurations
  3831 | D:4      | Noticed a phantom
  4128 | D:4      | Noticed Natasha
  4129 | D:4      | Killed Natasha
  4129 | D:4      | Reached skill level 1 in Axes
  4208 | D:4      | Found an ancient bone altar of Kikubaaqudgha.
  4342 | D:4      | Noticed Natasha
  4373 | D:4      | Killed Natasha
  4540 | D:4      | Reached XP level 7. HP: 58/58 MP: 9/13
  5085 | D:4      | Reached skill level 5 in Conjurations
  5748 | D:3      | Reached XP level 8. HP: 59/68 MP: 2/14
  5869 | D:5      | Entered Level 5 of the Dungeon
  6342 | D:5      | Reached skill level 6 in Conjurations
  6350 | D:5      | Gained mutation: You expend magic power (3 MP) to strengthen your wands. [mutagenic meat]
  6353 | D:5      | Gained mutation: You are resistant to hostile enchantments. (MR+) [mutagenic meat]
  6356 | D:5      | Lost mutation: You expend magic power (3 MP) to strengthen your wands. [mutagenic meat]
  6359 | D:5      | Gained mutation: You are agile. (Dex +2) [mutagenic meat]
  6685 | D:5      | Got a slimy whip
  6686 | D:5      | Identified the +7 whip of Bloodstone {drain, *Rage rElec rPois rN+++} (You found it on level 5 of the Dungeon)
  6913 | D:5      | Found Faull's Assorted Antiques.
  6931 | D:5      | Bought a lumpy cyan potion for 27 gold pieces
  6931 | D:5      | Bought a scroll labeled TOYRREGGECS for 30 gold pieces
  6931 | D:5      | Bought a blue potion for 27 gold pieces
  6931 | D:5      | Bought a smoky grey potion for 27 gold pieces
  6931 | D:5      | Bought a scroll labeled FEANYRAO RACRA for 30 gold pieces
  7388 | D:6      | Reached skill level 1 in Armour
  7590 | D:6      | Reached skill level 5 in Stealth
  7819 | D:6      | Reached skill level 7 in Conjurations
  7849 | D:6      | Found a shattered altar of Ashenzari.
  7858 | D:6      | Reached XP level 9. HP: 76/76 MP: 15/15
  8565 | D:7      | Found a staircase to the Ecumenical Temple.
  8566 | D:7      | Noticed Menkaure
  8966 | Temple   | Entered the Ecumenical Temple
  8983 | Temple   | Became a worshipper of Warmaster Okawaru
  9080 | D:7      | Killed Menkaure
  9370 | D:7      | Found a hide-covered altar of Uskayaw.
  9526 | D:8      | Noticed rastmirit's ghost (novice TrBe)
  9550 | D:8      | Demolished by rastmirit's ghost

Vault maps used:
D:1:      evilmike_arrival_rings, minmay_domino_2
D:2:      nicolae_overflow_crystal_walls
D:3:      trog_hazing_becter
D:4:      kennysheep_big_flooded_room, nicolae_overflow_hidden_temple,
          uniq_natasha
D:5:      serial_shops, nicolae_shop_overgrown_old_shop, first_bread,
          kennysheep_crisscross
D:6:      overflow_temple_1_default
D:7:      eat_drink_and_be_merry_uskayaw, the_bakery, uniq_menkaure
D:8:      grunt_temple_overflow_cloverleaf, uniq_joseph
Temple:   jpeg_temple_clearing

Skill      XL: |  1  2  3  4  5  6  7  8  9 |
---------------+----------------------------+-----
Dodging        | 2 3 4 |  4.8
Conjurations   | 2 3 4 5 7 |  7.3
Spellcasting   | 4 |  4.0
Stealth        | 4 5 6 |  6.0
Fighting       | 1 2 3 4 |  4.0
Axes           | 1 2 4 |  4.9
Armour         | 1 2 |  2.5
Summonings     | |  1.0
Translocations | |  1.0

Action                   |  1- 3 |  4- 6 |  7- 9 || total
-------------------------+-------+-------+-------++-------
Melee: Unarmed           |     1 |       |       ||     1
       Spear             |     2 |     1 |       ||     3
       Hand axe          |       |     4 |    28 ||    32
       Whip              |       |       |   180 ||   180
 Cast: Magic Dart        |    34 |   140 |   104 ||   278
 Abil: Spit Poison       |    35 |    65 |    34 ||   134
  Use: Scroll            |       |     7 |     1 ||     8
       Potion            |       |       |     2 ||     2
 Stab: Sleeping          |       |       |     4 ||     4
  Eat: Chunk             |     3 |    11 |    20 ||    34
       Beef jerky        |       |       |     1 ||     1
Armor: Robe              |     5 |    33 |    17 ||    55
       Ring mail         |       |       |    46 ||    46
Dodge: Dodged            |    10 |    55 |   107 ||   172
